AoeStats
← JUANCA FORT

Fortress

508058196Analyzed
4v4 RM · 10d ago on Sep 20, 2026· 43m 36s· 8 players
Game mode
Random Map
Map size
Huge
Population
200
Speed
Normal
Resources
Standard
Victory
Conquest
Starting age
Dark Age
Ending age
Imperial Age
RankedLock teamsTeams togetherTeam positionsShared explorationLock speedFull tech treeHidden civsTurbo modeCheats
Victory
Defeat
🇦🇷 Burgundians · Argentina
1034
+12
🇯🇴 Saracens · Jordan
1003
+13
🇧🇷 Franks · Brazil
928
+16
🇷🇺 Huns · Russia
889
+19
🇬🇧 Bulgarians · United Kingdom
980
-16
🇹🇼 Spanish · Taiwan
961
-16
🇮🇩 Britons · Indonesia
919
-14
🇹🇷 Khitans · Türkiye
911
-14
HighTowerM8
0:29 Loom
5:42 Feudal Age
6:08 Double-Bit Axe
6:10 Horse Collar
12:20 Wheelbarrow
14:57 Castle Age
13:18 Stone Mining
13:47 Gold Mining
17:28 Bow Saw
17:48 Heavy Plow
19:33 Fervor
20:30 Hand Cart
24:27 Gold Shaft Mining
24:30 Stone Shaft Mining
28:40 Imperial Age
26:42 Stirrups
29:55 Conscription
30:02 Forging
29:58 Scale Barding Armor
29:54 Scale Mail Armor
29:44 Fletching
30:22 Caravan
30:51 Elite Konnik
31:35 Pikeman
32:02 Gambesons
32:08 Halberdier
34:41 Bodkin Arrow
35:22 Iron Casting
35:22 Squires
35:07 Arson
39:31 Bagains
41:13 Masonry
41:12 Bracer
42:13 Blast Furnace
41:28 Chain Mail Armor
41:33 Chain Barding Armor
42:35 Chemistry
chmdy
8:36 Feudal Age
7:01 Loom
8:47 Feudal Age
12:27 Double-Bit Axe
12:23 Domestication
12:47 Gold Mining
15:52 Castle Age
14:00 Fletching
14:11 Padded Archer Armor
16:47 Lamellar Armor
16:55 Scale Mail Armor
17:06 Forging
17:57 Pastoralism
18:34 Bow Saw
19:19 Wheelbarrow
18:29 Town Watch
19:05 Stone Mining
24:21 Chain Mail Armor
25:35 Iron Casting
30:18 Imperial Age
28:05 Hand Cart
30:52 Squires
30:37 Arson
31:12 Masonry
30:58 Murder Holes
30:34 Capped Ram
32:17 Transhumance
31:46 Pikeman
34:28 Plate Mail Armor
33:54 Bodkin Arrow
34:15 Leather Archer Armor
35:06 Elite Skirmisher
35:53 Thumb Ring
37:26 Chemistry
36:43 Bracer
37:07 Conscription
38:10 Ring Archer Armor
38:23 Stone Shaft Mining
40:56 Scale Barding Armor
40:41 Elite Liao Dao
42:49 Ballistics
44:15 Scale Barding Armor
Picnic
8:55 Feudal Age
11:22 Double-Bit Axe
12:41 Gold Mining
17:53 Castle Age
16:04 Padded Archer Armor
15:54 Fletching
16:31 Horse Collar
16:48 Stone Mining
19:51 Gold Shaft Mining
18:45 Pikeman
19:27 Squires
23:15 Arson
27:25 Crossbowman
28:26 Bow Saw
33:43 Imperial Age
32:14 Wheelbarrow
32:32 Bodkin Arrow
34:55 Bracer
35:11 Leather Archer Armor
35:12 Forging
36:18 Caravan
38:20 Ballistics
39:00 Chemistry
38:36 Ring Archer Armor
38:43 Iron Casting
39:01 Hand Cart
38:59 Arbalester
41:30 Blast Furnace
39:55 Halberdier
s520s
7:21 Feudal Age
5:39 Loom
8:01 Double-Bit Axe
7:59 Horse Collar
13:57 Castle Age
13:07 Stone Mining
13:07 Gold Mining
15:17 Padded Archer Armor
15:28 Forging
15:26 Scale Barding Armor
18:35 Heavy Plow
21:55 Bloodlines
22:20 Husbandry
24:17 Bow Saw
30:52 Imperial Age
28:58 Wheelbarrow
29:44 Iron Casting
29:15 Scale Barding Armor
29:00 Fletching
31:21 Fortified Wall
31:33 Ballistics
31:24 Masonry
31:50 Hand Cart
31:21 Town Watch
33:03 Two-Man Saw
32:39 Stone Shaft Mining
31:48 Cavalier
31:49 Light Cavalry
34:17 Blast Furnace
33:38 Chain Barding Armor
33:15 Bodkin Arrow
35:19 Town Patrol
35:06 Paladin
36:17 Hussar
37:50 Plate Barding Armor
37:17 Bracer
41:41 Conscription
41:41 Leather Archer Armor
41:44 Caravan
AGOFEM
7:48 Feudal Age
7:57 Loom
13:49 Castle Age
11:43 Double-Bit Axe
11:52 Gold Mining
13:51 Wheelbarrow
15:18 Caravan
25:44 Bow Saw
30:25 Imperial Age
31:26 Squires
30:47 Pikeman
31:13 Gambesons
32:34 Coinage
32:12 Husbandry
31:34 Cavalier
31:39 Light Cavalry
32:33 Scale Barding Armor
32:40 Forging
33:53 Chain Barding Armor
33:16 Paladin
38:09 Plate Barding Armor
38:10 Iron Casting
42:34 Blast Furnace
41:57 Hand Cart
41:27 Town Watch
42:06 Conscription
НИКИТА DESTROYER
8:34 Feudal Age
9:05 Double-Bit Axe
9:01 Horse Collar
15:13 Castle Age
13:41 Gold Mining
16:08 Heavy Plow
18:12 Bow Saw
18:53 Wheelbarrow
18:09 Loom
18:32 Town Watch
19:27 Gold Shaft Mining
20:47 Hand Cart
21:24 Husbandry
22:07 Marauders
24:19 Bloodlines
29:19 Imperial Age
27:51 Town Patrol
28:23 Scale Barding Armor
29:11 Forging
29:38 Elite Tarkan
31:59 Iron Casting
32:28 Conscription
33:39 Chain Barding Armor
34:20 Blast Furnace
35:18 Plate Barding Armor
35:09 Light Cavalry
39:23 Caravan
39:54 Coinage
40:05 Coinage
39:48 Guilds
Black.ice27
7:36 Feudal Age
12:46 Castle Age
11:56 Double-Bit Axe
11:54 Horse Collar
12:54 Wheelbarrow
12:59 Wheelbarrow
14:43 Wheelbarrow
16:35 Bow Saw
20:07 Hand Cart
19:38 Loom
19:44 Town Watch
20:02 Heavy Plow
24:57 Imperial Age
24:22 Scale Barding Armor
24:29 Forging
26:22 Chain Barding Armor
26:38 Iron Casting
25:27 Elite Mameluke
26:10 Gold Mining
26:12 Stone Mining
27:23 Two-Man Saw
28:40 Plate Barding Armor
28:30 Ballistics
29:13 Gold Shaft Mining
31:03 Blast Furnace
31:24 Chemistry
31:00 Town Patrol
32:37 Husbandry
32:49 Bloodlines
38:00 Fletching
38:11 Padded Archer Armor
41:43 Coinage
41:13 Caravan
43:20 Banking
JUANCA FORT
2:41 Double-Bit Axe
3:09 Horse Collar
7:52 Wheelbarrow
9:42 Feudal Age
9:32 Gold Mining
10:56 Stone Mining
11:44 Bow Saw
11:35 Heavy Plow
14:08 Castle Age
14:40 Stone Shaft Mining
15:50 Two-Man Saw
15:56 Crop Rotation
20:24 Hand Cart
22:28 Loom
23:17 Cavalier
24:13 Fletching
24:24 Scale Mail Armor
24:06 Treadmill Crane
24:50 Forging
27:43 Imperial Age
25:25 Husbandry
26:20 Bodkin Arrow
27:03 Iron Casting
26:34 Scale Barding Armor
28:10 Ballistics
28:01 Masonry
29:03 Chain Mail Armor
29:09 Paladin
31:02 Chemistry
30:30 Conscription
30:45 Bracer
31:07 Chain Barding Armor
33:50 Plate Barding Armor
36:59 Elite Skirmisher
37:46 Padded Archer Armor
38:46 Blast Furnace
38:15 Murder Holes
38:31 Fortified Wall
38:51 Architecture
41:15 Leather Archer Armor
Connection lost

Rejoining the realm…

Still unreachable

The connection could not be restored.

Session expired

The server has moved on; the page needs a fresh start.